cohdb
Replays
Latest Replays
All Replays
Popular Replays
Top Player Replays
Match Explorer
How It Works
Community
CoH3 Stats
Reddit
Sign in to upload your games and track your stats! →
Sign in with Steam
Match 21477837
Unlisted
Match 21477837
Overview
Messages
Build Orders
End
Construct Section Command Post
Royal Engineer Section
Infantry Section
Infantry Section
Grenade Package
Infantry Section
Construct Platoon Command Post
Selects Indian Artillery Battlegroup
Selects Valour
Selects Gurkha Rifles Section
Humber Armored Car
6-pounder Anti-tank Gun Team
Gurkha Rifles Section
Construct Field Infirmary
Infantry Training
6-pounder Anti-tank Gun Team
Selects Volunteer Infantry
Construct Company Command Post
Unlock M3 Grant Medium Tanks
Gurkha Rifles Section
M3 Grant Medium Tank
Selects Towed ML 4.2-inch Heavy Mortar
Selects Off-map Airburst Barrage
Selects Perimeter Monitor
TidaL
pipboy
0
0
Comments
sign in to comment!
No comments posted yet!